 Dungeon Crawl Stone Soup version 0.31-a0-691-g409c26aa35 (webtiles) character file.

Game seed: 17750683059315382906

65 qw the Shooter (level 4, 0/28 HPs)
             Began as a Gargoyle Hunter on Sept 6, 2023.
             Slain by a goblin
             ... wielding a +2 dagger of protection
             ... led by Robin
              (4 damage)
             ... on level 3 of the Dungeon.
             The game lasted 00:00:32 (1635 turns).

qw the Shooter (Gargoyle Hunter)                    Turns: 1635, Time: 00:00:32

Health: 0/28       AC:  9    Str: 15    XL:     4   Next: 13%
Magic:  4/4        EV: 11    Int:  9    God:
Gold:   164        SH:  0    Dex: 15    Spells: 3/3 levels left

rFire   . . .        Y - +0 shortbow
rCold   . . .        (shield currently unavailable)
rNeg    + . .        l - +0 ring mail
rPois   inf          (no helmet)
rElec   +            (no cloak)
rCorr   .            g - +0 pair of gloves
SInv    .            (no boots)
Will    .....        (no amulet)
Stlth   +            (no ring)
HPRegen 0.24/turn    (no ring)
MPRegen 0.09/turn

%: no passive effects
@: about to teleport
A: sickness immunity, AC +3, negative energy resistance 1, electricity
resistance, torment resistance 1, petrification resistance
a: no special abilities


You were on level 3 of the Dungeon.
You visited 1 branch of the dungeon, and saw 3 of its levels.

You collected 164 gold pieces.


Innate Abilities, Weirdness & Mutations

You are immune to sickness and miasma.
Your stone body is resilient. (AC +3)
You are immune to poison.
You resist negative energy. (rN+)
You are resistant to electric shocks. (rElec)
You are resistant to unholy torment.
You are immune to petrification.


   Skills:
 - Level 3.0 Fighting
 + Level 5.1 Ranged Weapons
 - Level 1.0 Armour
 - Level 1.5 Dodging
 - Level 1.1 Stealth


You had 3 spell levels left.
You didn't know any spells.
Your spell library was empty.

Inventory:

Hand Weapons
 Y - a +0 shortbow (weapon)
Armour
 g - a +0 pair of gloves (worn)
 l - a +0 ring mail (worn)
Scrolls
 f - a scroll of identify
Potions
 d - a potion of invisibility {unknown}
 e - a potion of attraction {unknown}
 h - 2 potions of curing {unknown}
 i - a potion of heal wounds {unknown}
 j - a potion of haste {unknown}
 k - a potion of brilliance {unknown}

Dungeon Overview and Level Annotations

Branches:
Dungeon (3/15)

Altars:

Shops:
D:2 (

Annotations:
D:3 Robin


Message History

You kill the hobgoblin!
The goblin no longer looks unusually strong.
The goblin barely misses you.
Robin roars a battlecry!
The goblins go into a battle-frenzy!
The goblin hits you but does no damage. The goblin hits you with a +0 club.
Your Fighting skill increases to level 3!
You shoot an arrow. The arrow barely misses the goblin.
The goblin no longer looks unusually strong.
The goblin closely misses you.
The goblin hits you with a +2 dagger of protection.
The goblin hits you but does no damage.
You shoot an arrow.
The arrow hits the goblin but does no damage.
The goblin is severely wounded.
The goblin barely misses you. The goblin hits you but does no damage.
The goblin misses you.
You shoot an arrow. The arrow misses the goblin.
The goblin no longer looks unusually strong.
The goblin hits you but does no damage. The goblin closely misses you.
The goblin barely misses you. The goblin hits you but does no damage.
The goblin misses you. Robin hits you but does no damage.
You shoot an arrow. The arrow hits the goblin.
You kill the goblin!
The goblin closely misses you. Robin throws the goblin at you!
The goblin hits you with a +2 dagger of protection.
The goblin hits you with a +0 dagger.
1634 ||| READING scroll of teleportation.
As you read the scroll of teleportation, it crumbles to dust.
You feel strangely unstable.
The goblin no longer looks unusually strong.
The goblin closely misses you. x2
Robin roars a battlecry!
The goblins go into a battle-frenzy!
The goblin barely misses you. The goblin hits you but does no damage.
You shoot an arrow. The arrow hits the goblin.
The goblin is moderately wounded.
The goblin hits you but does no damage. Robin throws the goblin at you!
The goblin hits you with a +2 dagger of protection.
You die...

######## #...)..#
#......#
.......#......#
........#......##.
........+.g.g.>)).
.......#gg))$....
.......##@# ###
#)..)#gg# #<#
#......## ## #.###
##.....# ..##.#.#
##..#.#
.....#.####.....#
.............##.#
....####....###.#
##### #....# #.#


You could see Robin and 5 goblins.

Vanquished Creatures
  2 adders (D:2)
  3 worms (D:2)
  A dart slug (D:1)
  5 bats
  3 endoplasms
  A giant cockroach (D:1)
  2 hobgoblins (D:3)
  5 kobolds
  A quokka (D:1)
  3 ball pythons
  A frilled lizard (D:2)
  7 goblins
  A rat (D:2)
35 creatures vanquished.

Notes
Turn   | Place    | Note
-------+----------+-------------------------------------------
     0 | D:1      | qw the Gargoyle Hunter began the quest for the Orb.
     0 | D:1      | Reached XP level 1. HP: 12/12 MP: 1/1
     0 | D:1      | 0 ||| qw: Version: 0.3-a-76-g4403597
     0 | D:1      | 0 ||| qw: Game counter: 42
     0 | D:1      | 0 ||| qw: Melee chars always use a shield: true
     0 | D:1      | 0 ||| qw: God list: Okawaru
     0 | D:1      | 0 ||| qw: Allow faded altars: false
     0 | D:1      | 0 ||| qw: Do Orc after clearing Dungeon:15 true
     0 | D:1      | 0 ||| qw: Do second Lair branch before Depths: true
     0 | D:1      | 0 ||| qw: Lair rune preference: random
     0 | D:1      | 0 ||| qw: Goals: Normal
     0 | D:1      | 0 ||| PLANNING D:1-11
   171 | D:1      | Reached XP level 2. HP: 17/17 MP: 2/2
   637 | D:1      | 637 ||| UPGRADING to +0 pair of gloves.
   642 | D:1      | 642 ||| READING 2 scrolls labelled TOFIMIOZXE.
   643 | D:1      | 643 ||| READING scroll labelled WOISMO FIONO.
   653 | D:1      | 653 ||| READING scroll labelled FIUBIS ZEOQUMY.
   656 | D:1      | 656 ||| DROPPING scroll of blinking.
   657 | D:1      | 657 ||| DROPPING scroll of butterflies.
   767 | D:2      | Reached XP level 3. HP: 16/21 MP: 3/3
   835 | D:2      | Found Itioza's Antique Weapon Shoppe.
   843 | D:2      | 843 ||| SHOPLISTING translucent orcbow (187 gold, have 89).
   886 | D:2      | Reached skill level 5 in Ranged Weapons
  1145 | D:2      | 1145 ||| READING 2 scrolls labelled YFUNWI EQOBANY.
  1146 | D:2      | 1146 ||| READING scroll labelled DIASUF SELUMN.
  1147 | D:2      | 1147 ||| DRINKING 2 pink potions.
  1150 | D:2      | 1150 ||| DROPPING potion of ambrosia.
  1558 | D:2      | 1558 ||| UPGRADING to +0 ring mail.
  1568 | D:2      | 1568 ||| DROPPING +0 leather armour.
  1569 | D:2      | 1569 ||| READING scroll labelled ERY OXITHUS.
  1615 | D:3      | Reached XP level 4. HP: 27/27 MP: 4/4
  1616 | D:3      | Noticed Robin
  1624 | D:3      | Reached skill level 1 in Armour
  1630 | D:3      | Reached skill level 3 in Fighting
  1633 | D:3      | HP: 5/28 [goblin/+2 dagger of protection[Robin] (5)]
  1634 | D:3      | 1634 ||| READING scroll of teleportation.
  1635 | D:3      | Slain by a goblin

Levels and vault maps discovered:
D:1:      lightli_arrival_windingriver, layout_loops_ring, minmay_tetromino_o2
D:2:      layout_basic, serial_shops, shop
D:3:      layout_basic, minitemple, basic_ecumenical_altar, uniq_sigmund,
          uniq_crazy_yiuf_cottage, uniq_robin

Skill      XL: |  1  2  3  4 |
---------------+-------------+-----
Ranged Weapons | 5 |  5.1
Armour         | 1 |  1.0
Fighting       | 3 |  3.0
Dodging        | |  1.5
Stealth        | |  1.1

Action                     |  1- 3 |  4- 6 || total
---------------------------+-------+-------++-------
   Fire: Shortbow          |    95 |    20 ||   115
    Use: Scroll            |     6 |     1 ||     7
         Potion            |     1 |       ||     1
 Armour: Leather armour    |    16 |       ||    16
         Ring mail         |       |    30 ||    30
  Dodge: Dodged            |    12 |    31 ||    43

Table legend:
 A = Non-vault XP
 B = Vault XP
 C = Vault XP percentage of total XP
 D = Non-vault monster count
 E = Vault monster count
 F = Vault count percentage of total count
                 A         B        C        D         E       F
            +---------+---------+-------+---------+---------+-------
      Total |      80 |      13 |  14.0 |      27 |       8 |  22.9
            +---------+---------+-------+---------+---------+-------
        D:1 |      24 |       1 |   4.0 |      13 |       1 |   7.1
        D:2 |      52 |       0 |   0.0 |      12 |       0 |   0.0
        D:3 |       4 |      12 |  75.0 |       2 |       7 |  77.8
            +---------+---------+-------+---------+---------+-------
